 Dungeon Crawl Stone Soup version 0.16-a0-1083-g6a3eec8 (webtiles) character file.

53 Bloax the Ruffian (level 3, -3/30 HPs)
             Began as a Minotaur Transmuter on Oct 5, 2014.
             Slain by TAS2012's ghost (7 damage)
             ... on level 3 of the Dungeon.
             The game lasted 00:03:35 (645 turns).

Bloax the Ruffian (Minotaur Transmuter)              Turns: 645, Time: 00:03:35

HP  -3/30        AC  3     Str 15      XL: 3   Next: 64%
MP   2/3         EV 12     Int 10      God:
Gold 82          SH  0     Dex 10      Spells:  2 memorised,  1 level left

rFire  . . .     SeeInvis .       - Unarmed
rCold  . . .     Clarity  .     c - +0 robe
rNeg   . . .     rCorr    .     (no shield)
rPois  .         rRot     .     (helmet restricted)
rElec  .         Spirit   .     (no cloak)
SustAb .         Warding  .     h - +0 pair of gloves
rMut   .         Stasis   .     (boots unavailable)
Gourm  .                        (no amulet)
MR     .....                    (no ring)
                                (no ring)

@: appendage (expiring), not resistant to hostile enchantments, very unstealthy
A: retaliatory headbutt, horns 2, talons 3
a: End Transformation


You were on level 3 of the Dungeon.
You were full.
You had grown temporary talons.
You visited 1 branch of the dungeon, and saw 3 of its levels.

You collected 82 gold pieces.


Innate Abilities, Weirdness & Mutations

You reflexively headbutt those who attack you in melee.
You have a pair of horns on your head.
You have claws for feet.


   Skills:
 + Level 2.8 Fighting
 - Level 2.1 Dodging
 + Level 4.4 Unarmed Combat
 - Level 1.3 Spellcasting
 - Level 1.5 Transmutations


You had one spell level left.
You knew the following spells:

 Your Spells              Type           Power        Failure   Level  Hunger
a - Beastly Appendage     Trmt           #.....       21%         1    ##.....
b - Sticks to Snakes      Trmt           #.........   30%         2    ###....


Dungeon Overview and Level Annotations

Branches:
Dungeon (3/15)

Altars:

Annotations:
D:2 Sigmund
D:3 TAS2012's ghost, average MiMo

Inventory:

Missiles
 b - 60 arrows
Armour
 c - a +0 robe (worn)
 h - a +0 pair of gloves (worn)
   (You found it on level 2 of the Dungeon)
Comestibles
 a - 2 bread rations
 g - a meat ration
Scrolls
 e - a scroll of fog {unknown}
 f - 2 scrolls of identify {unknown}
Books
 d - a book of Changes

   Spells                             Type                      Level
   *Beastly Appendage                 Transmutation                1
   *Sticks to Snakes                  Transmutation                2
   Spider Form                        Transmutation/Poison         3
   Ice Form                           Ice/Transmutation            4
   Blade Hands                        Transmutation                5

#.#.#.#.#.#.# ###ยค
#..#.#.#.#.#.## #.
#.#.#.#.#.#.#.# ##'
....#.#.#.#.#.## ##..
.####.#.#.#.#.#.#
##... .
#.#.#.#.#.#.#####....
##.#.#.#.#.#..##.....
..#W#.#.#.#.#..'.....
###.#@#.#.#.#.###.....
#.#.#.#.#.#.## ##....
#########.## ##...
####.# ##.. #....# ##+
#.#### #. #.# #.
#.############.
#.#.........#..


You could see TAS2012's ghost.


Message History

No target in view!
No target in view!
Sigmund the Dreaded comes into view.
He is wielding a scythe.
Sigmund shouts!
Sigmund drinks a potion.
Sigmund suddenly seems more agile.
Found 19 arrows.
There is an escape hatch in the floor here.
You slide downwards.
The hatch slams shut behind you.
Unknown command.
You open the door.
There is an open door here.
As you open the door, it creaks loudly!
There is an open door here.
The bat zombie barely misses you.
A bat zombie comes into view.
You hit the bat zombie. The bat zombie closely misses you.
The bat zombie closely misses you.
The bat zombie hits you but does no damage.
You closely miss the bat zombie.
The bat zombie hits you but does no damage.
The bat zombie closely misses you.
You hit the bat zombie. The bat zombie closely misses you.
The bat zombie misses you.
The bat zombie hits you but does no damage.
You hit the bat zombie.
You destroy the bat zombie!
No target in view!
No target in view!
No target in view!
Found a hand axe.
Found a scroll labeled KYXKOIMYMY.
f - 2 scrolls labeled KYXKOIMYMY (gained 1) TAS2012's ghost (average Minotaur Monk) comes into view.
TAS2012's ghost is nearby!
TAS2012's ghost is nearby!
TAS2012's ghost is nearby!
TAS2012's ghost is nearby!
TAS2012's ghost is nearby!
TAS2012's ghost is nearby!
Here: TAS2012's ghost (hasn't noticed you)
The floor.
Here: TAS2012's ghost (hasn't noticed you)
The floor.
Casting: Sticks to Snakes Your feet morph into talons.
You aren't carrying any potions.
Unknown command.
Your transformation is almost over.
Unknown command.
Unknown command.
You completely miss TAS2012's ghost. You hit TAS2012's ghost.
You claw TAS2012's ghost, but do no damage.
TAS2012's ghost is lightly damaged.
TAS2012's ghost hits you.
You hit TAS2012's ghost. You punch TAS2012's ghost.
TAS2012's ghost is moderately damaged.
TAS2012's ghost barely misses you.
You closely miss TAS2012's ghost.
TAS2012's ghost is moderately damaged.
TAS2012's ghost hits you!
* * * LOW HITPOINT WARNING * * *
You hit TAS2012's ghost but do no damage.
TAS2012's ghost is moderately damaged.
TAS2012's ghost hits you.
* * * LOW HITPOINT WARNING * * *
You barely miss TAS2012's ghost.
TAS2012's ghost is moderately damaged.
TAS2012's ghost hits you!
You die...

Action                   || total
-------------------------++-------
Melee: Unarmed           ||    67
 Cast: Beastly Appendage ||     4
       Sticks to Snakes  ||     1
  Use: Potion            ||     1
  Eat: Bread ration      ||     1

Vault maps used:
D:1:      dpeg_arrival_arbitrary_c, st_stairs_7, hangedman_feature_mirror,
          hangedman_decor_growths
D:2:      grunt_decor_fettered, uniq_sigmund
D:3:      old_standard_altar, serial_undead, serial_undead_f, serial_undead_f,
          serial_undead_e, serial_undead_a, minivault_23

Notes
Turn   | Place    | Note
--------------------------------------------------------------
     0 | D:1      | Bloax, the Minotaur Transmuter, began the quest for the Orb.
     0 | D:1      | Reached XP level 1. HP: 16/16 MP: 2/2
    94 | D:1      | Reached skill level 2 in Fighting
   115 | D:1      | Reached XP level 2. HP: 7/24 MP: 2/2
   127 | D:1      | HP: 6/24 [kobold (2)]
   201 | D:2      | HP: 5/24 [hobgoblin (5)]
   202 | D:2      | HP: 1/24 [hobgoblin (4)]
   275 | D:2      | HP: 6/24 [adder (2)]
   279 | D:2      | Reached skill level 4 in Unarmed Combat
   281 | D:2      | HP: 4/25 [poisoned by an adder]
   305 | D:2      | Reached XP level 3. HP: 13/30 MP: 1/3
   351 | D:2      | Learned a level 2 spell: Sticks to Snakes
   379 | D:2      | HP: 1/30 [worm (9)]
   517 | D:2      | Noticed Sigmund
   634 | D:3      | Noticed TAS2012's ghost (average MiMo)
   644 | D:3      | HP: 4/30 [TAS2012's ghost (6)]
   645 | D:3      | Slain by TAS2012's ghost

Vanquished Creatures
  3 adders (D:2)
  4 bats (D:1)
  A bat zombie (D:3)
  2 hobgoblins
  2 jackals (D:2)
  2 kobolds
  A giant newt (D:1)
  3 goblins (D:1)
  4 rats
22 creatures vanquished.

Vanquished Creatures (collateral kills)
  A worm (D:2)
1 creature vanquished.

Grand Total: 23 creatures vanquished
